AoeStats
← Infadel

Arabia

508741573Analyzed
1v1 RM · 9d ago on Sep 23, 2026· 55m 26s· 2 players
Game mode
Random Map
Map size
Tiny (2 player)
Population
200
Speed
Normal
Resources
Standard
Victory
Conquest
Starting age
Dark Age
Ending age
Imperial Age
RankedLock teamsTeams togetherTeam positionsShared explorationLock speedFull tech treeHidden civsTurbo modeCheats
Victory
Defeat
🇮🇳 Saracens · India
1135
+15
🇲🇽 Byzantines · Mexico
1123
-15
iT800
7:16 Loom
9:51 Feudal Age
10:25 Double-Bit Axe
19:40 Horse Collar
23:46 Castle Age
25:42 Forging
27:42 Iron Casting
27:51 Scale Barding Armor
28:09 Pikeman
29:01 Scale Mail Armor
32:31 Chain Mail Armor
35:00 Wheelbarrow
36:10 Light Cavalry
41:40 Husbandry
46:01 Chain Barding Armor
47:56 Squires
51:00 Imperial Age
50:59 Hand Cart
51:12 Halberdier
51:38 Hussar
54:17 Plate Barding Armor
53:29 Hussar
Infadel
7:24 Loom
9:36 Feudal Age
10:27 Double-Bit Axe
15:04 Scale Barding Armor
15:15 Forging
15:42 Horse Collar
22:28 Castle Age
21:07 Scale Barding Armor
23:10 Bloodlines
23:00 Gold Mining
22:50 Light Cavalry
24:05 Bow Saw
25:30 Iron Casting
25:11 Bloodlines
25:20 Town Watch
28:11 Gold Shaft Mining
30:48 Wheelbarrow
33:44 Light Cavalry
34:27 Fletching
34:38 Padded Archer Armor
35:21 Bodkin Arrow
35:47 Chain Barding Armor
37:41 Hand Cart
40:25 Redemption
41:49 Stone Mining
46:01 Imperial Age
55:32 Blast Furnace
Connection lost

Rejoining the realm…

Still unreachable

The connection could not be restored.

Session expired

The server has moved on; the page needs a fresh start.